[Event "Titled Tuesday Blitz May 16 Early 2023"]
[White "Castillo Pena, Patricia Evarista"]
[Black "Guevara Sanchez, Erick Marvin"]
[WhiteFideId "6412106"]
[BlackFideId "6700136"]
[WhiteElo "1919"]
[BlackElo "2040"]
[Result "0-1"]
[Round "05"]
[TimeControl "180+2"]
[Date "2023.05.16"]
[WhiteClock "0:00:00"]
[BlackClock "0:00:20"]

1. d4 f5 2. Nf3 g6 3. e3 Bg7 4. Bd3 d6 5. b3 Nf6 6. Bb2 O-O 7. Nbd2 Qe8 8. e4 fxe4 9. Nxe4 Bg4 10. O-O Nd5 11. c4 Bxf3 12. gxf3 Nf4 13. Re1 g5 14. Bf1 Qh5 15. Ng3 Qh4 16. Rxe7 g4 17. Rxg7+ Kxg7 18. d5+ Kg8 19. Qd4 Qh6 20. fxg4 Nd7 21. Nf5 Rxf5 22. gxf5 Ne5 23. Kh1 Nf3 24. Qh8+ Kf7 25. Qf6+ Qxf6 26. Bxf6 Kxf6 27. Bg2 Nxg2 28. Kxg2 Nd4 29. Rd1 Nxf5 30. Re1 Rg8+ 31. Kf1 Nd4 32. Re4 Nf5 33. Re6+ Kf7 34. Ke2 Ne7 35. Rh6 Rg7 0-1


[Site "https://www.chess.com"]

[Event "Titled Tuesday Blitz May 16 Early 2023"]
[White "Zhigalko, Sergei"]
[Black "Dubov, Daniil"]
[WhiteFideId "13502956"]
[BlackFideId "24126055"]
[WhiteElo "2626"]
[BlackElo "2793"]
[Result "0-1"]
[Round "06"]
[TimeControl "180+2"]
[Date "2023.05.16"]
[WhiteClock "0:00:00"]
[BlackClock "0:00:18"]

1. e4 e5 2. Nf3 Nc6 3. Bb5 a6 4. Ba4 Nf6 5. O-O b5 6. Bb3 Bc5 7. Nc3 d6 8. a4 Rb8 9. axb5 axb5 10. h3 O-O 11. d3 h6 12. Be3 Bxe3 13. fxe3 Ne7 14. Nh4 c5 15. Rxf6 gxf6 16. Qh5 Kg7 17. Rf1 Be6 18. Nd5 c4 19. dxc4 Bxd5 20. cxd5 Rg8 21. Rf3 Qf8 22. c3 Ra8 23. Kh2 Ra1 24. Bd1 Rb1 25. Rf2 Qb8 26. Bg4 Qa7 27. Rf3 Qa1 0-1


[Site "https://www.chess.com"]

[Event "Titled Tuesday Blitz May 16 Early 2023"]
[White "Erigaisi Arjun"]
[Black "Lenderman, Aleksandr"]
[WhiteFideId "35009192"]
[BlackFideId "2021285"]
[WhiteElo "2719"]
[BlackElo "2607"]
[Result "1-0"]
[Round "06"]
[TimeControl "180+2"]
[Date "2023.05.16"]
[WhiteClock "0:00:10"]
[BlackClock "0:00:23"]

1. c4 b6 2. g3 Bb7 3. Nf3 g6 4. Bg2 Bg7 5. O-O Nf6 6. b3 O-O 7. Bb2 c5 8. Nc3 d5 9. cxd5 Nxd5 10. Qc1 Nxc3 11. Bxc3 Nc6 12. Bxg7 Kxg7 13. a3 Rc8 14. Qb2+ f6 15. b4 cxb4 16. axb4 b5 17. Rfc1 a6 18. d4 e6 19. Rc5 Qd6 20. Nd2 Nd8 21. Rac1 Rxc5 22. bxc5 Qc7 23. e4 Nc6 24. d5 Ne5 25. Qd4 Rd8 26. f4 Nf7 27. Nb3 e5 28. Qf2 Ra8 29. d6 Qd7 30. Na5 Bc6 31. Rf1 Rf8 32. h4 b4 33. Rb1 Bb5 34. Rxb4 Nd8 35. Rb3 Ne6 36. Bh3 Qd8 37. Bxe6 Qxa5 38. Rf3 Qa1+ 39. Kh2 Bc6 40. Bd5 Bxd5 41. exd5 e4 42. Rb3 Rd8 43. Rb7+ Kh6 44. f5 Qe5 45. Qf4+ Qxf4 46. gxf4 e3 47. Kg2 Re8 48. Kf1 e2+ 49. Ke1 1-0


[Site "https://www.chess.com"]

[Event "Titled Tuesday Blitz May 16 Early 2023"]
[White "Tabatabaei, M. Amin"]
[Black "Mamedyarov, Shakhriyar"]
[WhiteFideId "12521213"]
[BlackFideId "13401319"]
[WhiteElo "2575"]
[BlackElo "2704"]
[Result "1/2-1/2"]
[Round "06"]
[TimeControl "180+2"]
[Date "2023.05.16"]
[WhiteClock "0:00:05"]
[BlackClock "0:00:14"]

1. c4 Nf6 2. Nc3 e5 3. Nf3 Nc6 4. e3 Bb4 5. Qc2 d6 6. Ne2 O-O 7. Ng3 a5 8. a3 Bc5 9. b3 h6 10. Bb2 Re8 11. Bd3 Be6 12. O-O Bg4 13. h3 Bxf3 14. gxf3 d5 15. cxd5 Qxd5 16. Bc4 Qxf3 17. Bxf7+ Kxf7 18. Qxc5 Rad8 19. Bc3 h5 20. b4 h4 21. Qc4+ Kg6 22. Qe2 e4 23. Qxf3 exf3 24. Nh1 Ne4 25. b5 Nxc3 26. bxc6 Ne2+ 27. Kh2 b6 28. d4 Rd5 29. Ra2 Re6 30. Rxe2 fxe2 31. Re1 Kf5 32. Rxe2 Rxd4 33. Rc2 Rdd6 34. Rc4 g5 35. Kg2 Rxc6 36. Rd4 Red6 37. Rg4 b5 38. f4 gxf4 39. Rxf4+ Ke6 40. Rxh4 Rc2+ 41. Kf3 c5 42. Ng3 b4 43. Ne4 Rd1 44. Rh6+ Kd7 45. axb4 axb4 46. Rb6 Kc7 47. Rb5 Kc6 48. Rb8 Rf1+ 49. Kg3 Rf7 50. h4 Rb7 51. Rc8+ Kd7 52. Rxc5 Rxc5 53. Nxc5+ Kc6 54. Nxb7 Kxb7 55. h5 b3 56. h6 b2 57. h7 b1=Q 58. h8=Q Qg1+ 59. Kf3 Qf1+ 60. Ke4 Qg2+ 61. Kd3 Qf1+ 62. Ke4 Qg2+ 63. Kd3 Qf1+ 64. Kd2 Qf2+ 65. Kd3 Qf5+ 66. e4 Qf1+ 67. Ke3 Qe1+ 68. Kf4 Qf2+ 69. Kg4 Qg2+ 70. Kf4 Qf2+ 71. Kg5 Qg3+ 72. Kf5 Qf3+ 73. Ke6 Qxe4+ 74. Qe5 Qxe5+ 75. Kxe5 1/2-1/2


[Site "https://www.chess.com"]

[Event "Titled Tuesday Blitz May 16 Early 2023"]
[White "Le, Tuan Minh"]
[Black "Nihal Sarin"]
[WhiteFideId "12401153"]
[BlackFideId "25092340"]
[WhiteElo "2566"]
[BlackElo "2689"]
[Result "1-0"]
[Round "06"]
[TimeControl "180+2"]
[Date "2023.05.16"]
[WhiteClock "0:00:19"]
[BlackClock "0:00:00"]

1. d4 Nf6 2. Nf3 b5 3. Bg5 Bb7 4. e3 a6 5. a4 b4 6. Nbd2 e6 7. Bd3 Be7 8. O-O h6 9. Bxf6 Bxf6 10. c3 bxc3 11. bxc3 O-O 12. e4 d6 13. Qb3 Ra7 14. a5 Nd7 15. Rfb1 g6 16. h3 Kg7 17. Qd1 e5 18. d5 Be7 19. Rb4 Bc8 20. Rab1 f5 21. Nf1 Nc5 22. Ng3 Bd7 23. exf5 gxf5 24. Rb8 Qxb8 25. Rxb8 Rxb8 26. Bxf5 Rab7 27. Nd2 Be8 28. Qg4+ Kf8 29. Nde4 Nxe4 30. Nxe4 h5 31. Qf3 Kg7 32. Ng3 Rb2 33. Be4 Bg5 34. Nxh5+ Kh6 35. Nf6 Bf4 36. g3 1-0


[Site "https://www.chess.com"]

[Event "Titled Tuesday Blitz May 16 Early 2023"]
[White "Swiercz, Dariusz"]
[Black "Andreikin, Dmitry"]
[WhiteFideId "1126881"]
[BlackFideId "4158814"]
[WhiteElo "2620"]
[BlackElo "2736"]
[Result "1/2-1/2"]
[Round "06"]
[TimeControl "180+2"]
[Date "2023.05.16"]
[WhiteClock "0:02:53"]
[BlackClock "0:02:49"]

1. d4 Nf6 2. c4 e6 3. Nc3 d5 4. Nf3 a6 5. cxd5 exd5 6. Bg5 Be6 7. e3 Nbd7 8. Bd3 h6 9. Bh4 g5 10. Bg3 Nh5 11. Be5 Nhf6 12. Bg3 Nh5 13. Be5 Nhf6 14. Bg3 1/2-1/2


[Site "https://www.chess.com"]

[Event "Titled Tuesday Blitz May 16 Early 2023"]
[White "Yeletsky, Ivan"]
[Black "Martinez Alcantara, Jose Eduardo"]
[WhiteFideId "24180327"]
[BlackFideId "3805662"]
[WhiteElo "2380"]
[BlackElo "2711"]
[Result "0-1"]
[Round "06"]
[TimeControl "180+2"]
[Date "2023.05.16"]
[WhiteClock "0:00:04"]
[BlackClock "0:00:23"]

1. e4 c5 2. Nf3 d6 3. d4 cxd4 4. Nxd4 a6 5. c4 e6 6. Nc3 Nf6 7. Be3 b6 8. g4 Bb7 9. Bg2 Qc7 10. g5 Nfd7 11. Rc1 Be7 12. h4 Ne5 13. b3 Nbd7 14. f4 Nc6 15. Nd5 Qd8 16. Nxc6 Bxc6 17. Nxe7 Qxe7 18. Bf2 Nc5 19. Qe2 e5 20. b4 Ne6 21. fxe5 dxe5 22. Qb2 Nf4 23. Bf1 Bxe4 24. Rg1 O-O 25. Rg3 Qe6 26. Re3 Qf5 27. Rd1 Rad8 28. Bg3 Rxd1+ 29. Kxd1 Nh5 30. Bf2 Nf4 31. Kc1 Rc8 32. a3 Bd3 33. Rxe5 Qg4 34. Qd4 Bxf1 35. Qe3 Nd3+ 36. Kd2 Nxe5 37. Qxe5 Rd8+ 0-1


[Site "https://www.chess.com"]

[Event "Titled Tuesday Blitz May 16 Early 2023"]
[White "Van Foreest, Jorden"]
[Black "Zakhartsov, Vladimir"]
[WhiteFideId "1039784"]
[BlackFideId "4145097"]
[WhiteElo "2633"]
[BlackElo "2495"]
[Result "0-1"]
[Round "06"]
[TimeControl "180+2"]
[Date "2023.05.16"]
[WhiteClock "0:00:00"]
[BlackClock "0:00:02"]

1. d4 Nf6 2. c4 e6 3. Nf3 d5 4. g3 Bb4+ 5. Bd2 Be7 6. Bg2 O-O 7. Qc2 Nbd7 8. O-O c6 9. h4 a5 10. Nc3 dxc4 11. e4 b5 12. e5 Nd5 13. Ng5 g6 14. Qe4 b4 15. Na4 Ba6 16. Qg4 Bb5 17. h5 Bxa4 18. hxg6 Bxg5 19. Bxg5 f6 20. Qxe6+ Kh8 21. Qh3 Qe7 22. Bh6 Rg8 23. exf6 N7xf6 24. b3 cxb3 25. axb3 Bxb3 26. Rfe1 Qd7 27. gxh7 Qxh7 28. Re6 Rg6 29. Bd2 Qxh3 30. Bxh3 Kg7 31. Rxc6 Ne4 32. Rxg6+ Kxg6 33. Be1 a4 34. Bg2 Bc2 35. Rc1 Bd3 36. Rd1 Bc2 37. Rc1 b3 38. Rxc2 bxc2 39. Bxe4+ Kf6 40. Bxc2 a3 41. Bb3 a2 42. Bxa2 Rxa2 43. Kg2 Kf5 44. Kf3 Ra3+ 45. Kg2 Kg4 46. Bd2 Rd3 47. Bc1 Rc3 48. Bd2 Rc2 49. Ba5 Ne3+ 50. Kg1 Nd5 51. Kg2 Ne3+ 52. Kg1 Nf5 0-1


[Site "https://www.chess.com"]

[Event "Titled Tuesday Blitz May 16 Early 2023"]
[White "Bacrot, Etienne"]
[Black "Maghsoodloo, Parham"]
[WhiteFideId "605506"]
[BlackFideId "12539929"]
[WhiteElo "2672"]
[BlackElo "2655"]
[Result "0-1"]
[Round "06"]
[TimeControl "180+2"]
[Date "2023.05.16"]
[WhiteClock "0:00:00"]
[BlackClock "0:01:14"]

1. e4 c5 2. Nf3 e6 3. c3 d5 4. exd5 Qxd5 5. d4 Nf6 6. Na3 a6 7. Be2 cxd4 8. Qxd4 Nc6 9. Qxd5 Nxd5 10. Nc4 b5 11. Ne3 Nb6 12. Nc2 Bb7 13. O-O Be7 14. Rd1 O-O 15. Nfd4 Nxd4 16. Nxd4 Rfd8 17. Bf4 Na4 18. Rd2 b4 19. Bc7 Rdc8 20. Ba5 bxc3 21. bxc3 Nxc3 22. Bf1 Ne4 23. Rdd1 Bf6 24. Rab1 Bd5 25. a4 Nc3 26. Bxc3 Rxc3 27. Bxa6 Be4 28. Rb4 Rd8 29. Re1 Bxd4 30. Rxe4 Rc1+ 31. Bf1 e5 32. a5 f5 33. Re2 Ra1 34. Rb5 Rc8 0-1


[Site "https://www.chess.com"]

[Event "Titled Tuesday Blitz May 16 Early 2023"]
[White "Hakobyan, Aram"]
[Black "Steinberg, Nitzan"]
[WhiteFideId "13306677"]
[BlackFideId "2801795"]
[WhiteElo "2584"]
[BlackElo "2486"]
[Result "1-0"]
[Round "06"]
[TimeControl "180+2"]
[Date "2023.05.16"]
[WhiteClock "0:00:55"]
[BlackClock "0:00:20"]

1. d4 d5 2. c4 c6 3. cxd5 cxd5 4. Bf4 Nc6 5. e3 Nf6 6. Bd3 Bg4 7. f3 Bd7 8. Nc3 e6 9. g4 Be7 10. Nge2 a6 11. h4 b5 12. Rc1 Na5 13. h5 h6 14. Bb1 Rc8 15. Kf2 Bc6 16. Bg3 Bb7 17. Nf4 O-O 18. Nd3 Nd7 19. Ne2 Nc4 20. b3 Na3 21. Qd2 Nxb1 22. Rxb1 f5 23. gxf5 Rxf5 24. Rbc1 Bg5 25. Rxc8 Bxc8 26. Ne5 Nf6 27. Bf4 Qe8 28. Ng3 Bxf4 29. exf4 Rxh5 30. Nxh5 Nxh5 31. Qc1 Nf6 32. Qc7 Qf8 33. Ng6 1-0


[Site "https://www.chess.com"]

[Event "Titled Tuesday Blitz May 16 Early 2023"]
[White "Kovalenko, Igor"]
[Black "Yanchenko, Roman"]
[WhiteFideId "14117908"]
[BlackFideId "4137329"]
[WhiteElo "2574"]
[BlackElo "2491"]
[Result "1-0"]
[Round "06"]
[TimeControl "180+2"]
[Date "2023.05.16"]
[WhiteClock "0:00:07"]
[BlackClock "0:00:04"]

1. c4 e6 2. Nc3 d5 3. d4 Nf6 4. Nf3 Be7 5. Bf4 O-O 6. e3 h6 7. h3 a6 8. Qc2 Nbd7 9. c5 b6 10. c6 Nb8 11. Ne5 Bd6 12. Bd3 Qe8 13. Ne2 a5 14. Rc1 Ba6 15. Bxa6 Nxa6 16. a3 b5 17. O-O b4 18. Nd3 Ne4 19. Bxd6 Nxd6 20. a4 Nb8 21. Ne5 Ra6 22. Qd3 Rb6 23. Rc5 f6 24. Ng6 Rf7 25. Rxa5 Nxc6 26. Rc5 Ne4 27. Rcc1 Rd7 28. Ngf4 b3 29. Nc3 Nb4 30. Qe2 Nd6 31. a5 Rb8 32. Na4 Nc4 33. Nc5 Rd6 34. Rxc4 dxc4 35. Qxc4 Qb5 36. Qxb3 Na6 37. Qxb5 Rxb5 38. Nfxe6 Nxc5 39. Nxc5 Rxb2 40. Ra1 Rd8 41. a6 Ra8 42. g4 Kf7 43. Kg2 Ke7 44. Kg3 Rb6 45. h4 g5 46. hxg5 hxg5 47. Rh1 Kd6 48. Rh7 Rc6 49. Rf7 Kd5 50. Kf3 Re8 51. Rd7+ Kc4 52. Rf7 Kd5 53. Rh7 Ra8 54. Ke2 Kc4 55. Rf7 Kd5 56. Kd3 Rxc5 57. dxc5 Rxa6 58. Rxc7 Ra4 59. f3 Ra3+ 60. Ke2 Ra2+ 61. Kf1 Rb2 62. c6 Ra2 63. Rc8 Kd6 64. Rf8 Kxc6 65. Rxf6+ Kd5 66. Rg6 Kc4 67. Rd6 Rb2 68. Rd4+ Kc3 69. Rd5 Kc4 70. Rxg5 Kd3 71. Re5 Ra2 72. g5 1-0


[Site "https://www.chess.com"]

[Event "Titled Tuesday Blitz May 16 Early 2023"]
[White "Nakamura, Hikaru"]
[Black "Ibarra Jerez, Jose Carlos"]
[WhiteFideId "2016192"]
[BlackFideId "2226332"]
[WhiteElo "2885"]
[BlackElo "2638"]
[Result "1/2-1/2"]
[Round "06"]
[TimeControl "180+2"]
[Date "2023.05.16"]
[WhiteClock "0:00:26"]
[BlackClock "0:00:09"]

1. e4 c5 2. c3 Nf6 3. e5 Nd5 4. d4 cxd4 5. Qxd4 e6 6. Nf3 Nc6 7. Qe4 f5 8. Qe2 Qc7 9. g3 b5 10. Bg2 a5 11. O-O Be7 12. Re1 Ba6 13. Bg5 Bc5 14. Nfd2 O-O 15. Nb3 Ba7 16. Qd2 Rae8 17. Na3 b4 18. cxb4 axb4 19. Nc2 Bc4 20. Ne3 Nxe3 21. Bxe3 Bxb3 22. Bxa7 Qxa7 23. axb3 Qd4 24. Qe2 Qb6 25. Red1 Qc7 26. Rd6 f4 27. Bxc6 dxc6 28. Rc1 c5 29. Qc4 fxg3 30. hxg3 Qf7 31. Rc2 Qf5 32. Re2 h5 33. Qe4 Qxe4 34. Rxe4 Rf3 35. Rc6 Rxb3 36. Re2 h4 37. gxh4 Rh3 38. Re4 Rb3 39. Rxc5 Rxb2 40. Rc7 Rf8 41. Rg4 Rf7 42. Rc8+ Kh7 43. Rg2 Re2 44. Rb8 Re1+ 45. Kh2 Rxe5 46. Rxb4 Ref5 47. Kg1 Rf4 48. Rb6 Rxh4 49. Rxe6 Rh6 50. Re3 Rff6 51. Reg3 Rfg6 52. Kf1 Rxg3 53. Rxg3 Rg6 54. Rh3+ Rh6 55. Ra3 Rf6 56. Kg2 Kg6 57. f3 Kg5 58. Kg3 g6 59. Ra4 Kh6 60. Rh4+ Kg7 61. Ra4 Rf7 62. Kg4 Rf5 63. Ra7+ Kh6 64. Ra2 Rg5+ 65. Kf4 Rf5+ 66. Ke4 Rf7 67. Rh2+ Kg7 68. Rg2 Rf6 69. f4 Rf5 70. Ra2 Rf7 71. Ra5 Rf6 72. Ra7+ Kh6 73. Ra3 Kg7 74. Rg3 Rf5 75. Rb3 Rf7 76. Rb5 Re7+ 77. Kf3 Rf7 78. Kg4 Kh6 79. Rd5 Rf6 80. Rd8 Kg7 81. Rd2 Kh6 82. Ra2 Kg7 83. Ra4 Rf7 84. Ra6 Kh6 85. Ra5 Kg7 86. Kg5 Rf5+ 87. Rxf5 gxf5 88. Kh4 Kf6 89. Kh5 Kg7 90. Kg5 Kf8 91. Kg6 Ke8 92. Kg7 Ke7 93. Kg8 Ke8 94. Kh7 Kf7 95. Kh6 Kf6 96. Kh5 Kf7 97. Kh6 Kf6 98. Kh5 1/2-1/2


[Site "https://www.chess.com"]

[Event "Titled Tuesday Blitz May 16 Early 2023"]
[White "Bortnyk, Olexandr"]
[Black "Fernandez Guillen, Ernesto J."]
[WhiteFideId "14120828"]
[BlackFideId "3512428"]
[WhiteElo "2734"]
[BlackElo "2429"]
[Result "1-0"]
[Round "06"]
[TimeControl "180+2"]
[Date "2023.05.16"]
[WhiteClock "0:00:10"]
[BlackClock "0:00:00"]

1. d4 Nf6 2. Nc3 d5 3. Bf4 e6 4. Nb5 Na6 5. e3 Bd7 6. Nf3 Be7 7. Ne5 O-O 8. Nxd7 Qxd7 9. Nc3 c5 10. Bxa6 bxa6 11. O-O Rfc8 12. Ne2 Bd6 13. c3 Rab8 14. Rb1 Rb6 15. dxc5 Rxc5 16. Bxd6 Qxd6 17. Qa4 Rc4 18. Qc2 Ng4 19. g3 h5 20. b3 Rc8 21. Rbd1 Qe5 22. Qd3 Rbc6 23. Qd4 Qg5 24. h4 Qg6 25. f3 Nh6 26. Kf2 Nf5 27. Qf4 Rxc3 28. Nxc3 Rxc3 29. Rfe1 Rc2+ 30. Re2 Rxe2+ 31. Kxe2 Nxg3+ 32. Kd2 Nf5 33. Qg5 Qxg5 34. hxg5 Nh4 35. Ke2 Nf5 36. e4 dxe4 37. fxe4 Ne7 38. Rd7 Ng6 39. Rxa7 h4 40. Rxa6 h3 41. Rd6 h2 42. Rd1 Nf4+ 43. Kf3 Nh3 44. Kg2 Nxg5 45. e5 Kf8 46. a4 Ke7 47. a5 1-0


[Site "https://www.chess.com"]

[Event "Titled Tuesday Blitz May 16 Early 2023"]
[White "Grischuk, Alexander"]
[Black "Ilamparthi A R"]
[WhiteFideId "4126025"]
[BlackFideId "45015775"]
[WhiteElo "2721"]
[BlackElo "2348"]
[Result "1/2-1/2"]
[Round "06"]
[TimeControl "180+2"]
[Date "2023.05.16"]
[WhiteClock "0:00:15"]
[BlackClock "0:00:13"]

1. Nf3 Nf6 2. g3 g6 3. c4 Bg7 4. Nc3 O-O 5. Bg2 d6 6. d4 c5 7. O-O Nc6 8. d5 Na5 9. Nd2 e6 10. Qc2 exd5 11. cxd5 Rb8 12. a4 a6 13. b3 b5 14. axb5 axb5 15. Bb2 Re8 16. e4 Nd7 17. Nd1 b4 18. Bxg7 Kxg7 19. Ne3 Ba6 20. Rfe1 Bb5 21. Bf1 Bxf1 22. Kxf1 Nb7 23. Ndc4 Qf6 24. Kg2 h5 25. f3 Ra8 26. Rxa8 Rxa8 27. h4 Na5 28. f4 Nxc4 29. Nxc4 Qc3 30. Qxc3+ bxc3 31. Rc1 Nf6 32. Nxd6 Ra6 33. e5 Nxd5 34. Kf3 f5 35. exf6+ Nxf6 36. Ne4 Nxe4 37. Kxe4 Ra3 38. Rxc3 c4 39. Rxc4 Rxb3 40. Rc7+ Kh6 41. Rc6 Rxg3 42. f5 Kg7 43. Ke5 gxf5 44. Kxf5 Rg4 45. Rc7+ Kh6 46. Rc6+ Kg7 47. Rc7+ Kh6 48. Rc6+ Kg7 1/2-1/2


[Site "https://www.chess.com"]

[Event "Titled Tuesday Blitz May 16 Early 2023"]
[White "Harsh Suresh"]
[Black "Tang, Andrew"]
[WhiteFideId "45018464"]
[BlackFideId "2059630"]
[WhiteElo "2209"]
[BlackElo "2596"]
[Result "0-1"]
[Round "06"]
[TimeControl "180+2"]
[Date "2023.05.16"]
[WhiteClock "0:00:09"]
[BlackClock "0:00:04"]

1. e4 e5 2. Nf3 Nc6 3. Bc4 Nf6 4. d3 h6 5. O-O d6 6. c3 g5 7. a4 Bg7 8. b4 O-O 9. Re1 Re8 10. Nbd2 g4 11. Nh4 Nxe4 12. dxe4 Qxh4 13. Nf1 Be6 14. Bxe6 fxe6 15. Ne3 h5 16. b5 Ne7 17. c4 Ng6 18. a5 Rf8 19. Ra2 Rf7 20. Ba3 b6 21. Bxd6 Rd8 22. axb6 axb6 23. c5 bxc5 24. b6 cxd6 25. Nc4 d5 26. Na5 dxe4 27. Qb3 c4 28. Qb1 Ne7 29. b7 Rff8 30. Nxc4 Nd5 31. Qxe4 Nc3 32. Qc2 Nxa2 33. Qxa2 Rb8 34. Nd6 Qe7 35. Rd1 Rfd8 36. Qa6 Rxb7 37. h4 Rbd7 0-1


[Site "https://www.chess.com"]

[Event "Titled Tuesday Blitz May 16 Early 2023"]
[White "Bocharov, Dmitry"]
[Black "Pap, Gyula"]
[WhiteFideId "4138716"]
[BlackFideId "725323"]
[WhiteElo "2469"]
[BlackElo "2519"]
[Result "1-0"]
[Round "06"]
[TimeControl "180+2"]
[Date "2023.05.16"]
[WhiteClock "0:00:05"]
[BlackClock "0:00:00"]

1. c4 e6 2. Nf3 d5 3. g3 d4 4. Bg2 Nc6 5. O-O Nf6 6. d3 Be7 7. e3 dxe3 8. fxe3 e5 9. Nc3 e4 10. dxe4 O-O 11. Nd4 Ne5 12. b3 Bg4 13. Qc2 c6 14. h3 Bh5 15. Bb2 Re8 16. g4 Bg6 17. Rad1 Qc7 18. Nf5 Bf8 19. Ne2 h5 20. g5 Nh7 21. Bxe5 Qxe5 22. h4 Bc5 23. Ned4 Nf8 24. Qb2 a5 25. a3 Ne6 26. b4 axb4 27. axb4 Bb6 28. Qf2 Bc7 29. Bh1 Ra4 30. c5 Rxb4 31. Nd6 Nxc5 32. Nxe8 Qxe8 33. Nf5 Nxe4 34. Bxe4 Qxe4 35. Rd7 Qg4+ 36. Kh1 Bxf5 37. Qxf5 Qxh4+ 38. Kg2 Rg4+ 39. Kf3 Qh3+ 40. Ke2 Rg2+ 41. Kd3 Qxf5+ 42. Rxf5 1-0


[Site "https://www.chess.com"]

[Event "Titled Tuesday Blitz May 16 Early 2023"]
[White "Mitrabha, Guha"]
[Black "Gunina, Valentina"]
[WhiteFideId "5057000"]
[BlackFideId "4167570"]
[WhiteElo "2507"]
[BlackElo "2352"]
[Result "0-1"]
[Round "06"]
[TimeControl "180+2"]
[Date "2023.05.16"]
[WhiteClock "0:00:06"]
[BlackClock "0:00:28"]

1. c4 c6 2. Nf3 d5 3. e3 Bg4 4. Qb3 Qc7 5. cxd5 cxd5 6. Nc3 Bxf3 7. gxf3 e6 8. d4 Nc6 9. Bd2 Nf6 10. Rc1 Be7 11. Na4 O-O 12. Bd3 Rfc8 13. O-O e5 14. Bf5 Rd8 15. dxe5 Qxe5 16. Bh3 Qh5 17. Bg2 Ne5 18. Qd1 d4 19. e4 Nd3 20. f4 Nxc1 21. Qxh5 Nxh5 22. Rxc1 Rac8 23. Rd1 b5 24. Ba5 bxa4 25. Bxd8 Rxd8 26. f5 Nf4 27. Bf1 d3 28. h3 g5 29. Kh2 Kg7 30. Kg3 Kf6 31. Kf3 Bc5 32. h4 h6 33. Rc1 d2 34. Rd1 Rd4 35. hxg5+ hxg5 36. Bb5 Ke5 37. Be8 Nh3 38. Bxf7 Rd3+ 39. Ke2 Nf4+ 40. Kf1 Rh3 41. Kg1 Rd3 42. Bc4 Rd4 43. b3 axb3 44. axb3 g4 45. Kh2 Bb4 46. Kg3 Rxe4 47. Ra1 Re1 48. Rxa7 d1=Q 0-1


[Site "https://www.chess.com"]

[Event "Titled Tuesday Blitz May 16 Early 2023"]
[White "Drozdowski, Kacper"]
[Black "Tatarinov, Dmitry"]
[WhiteFideId "1136720"]
[BlackFideId "24160067"]
[WhiteElo "2497"]
[BlackElo "2326"]
[Result "1/2-1/2"]
[Round "06"]
[TimeControl "180+2"]
[Date "2023.05.16"]
[WhiteClock "0:00:16"]
[BlackClock "0:00:13"]

1. e4 e5 2. Nf3 Nc6 3. Bc4 Bc5 4. c3 Nf6 5. d3 d6 6. Bb3 a5 7. Nbd2 O-O 8. h3 Be6 9. Nh2 Qb8 10. Ndf1 Qa7 11. Qf3 a4 12. Bc2 b5 13. a3 Qb6 14. Ng4 Nd7 15. Nge3 Na5 16. Ng3 Qb7 17. Ngf5 Bxe3 18. Bxe3 Bxf5 19. Qxf5 c5 20. O-O Nc6 21. b4 axb3 22. Bxb3 c4 23. dxc4 Na5 24. Rab1 Nf6 25. cxb5 Nxb3 26. Rxb3 Nxe4 27. c4 g6 28. Qg4 f5 29. Qf3 Ra4 30. Bh6 Rc8 31. b6 Raxc4 32. Qe3 d5 33. f3 f4 34. Qe1 Ng3 35. Qxe5 Nxf1 36. Qe6+ Qf7 37. Qxf7+ Kxf7 38. Kxf1 Rb8 39. h4 Rb7 40. Rb5 Ke6 41. Bg5 Kd6 42. Bd8 Kc6 43. Rb1 Rd7 44. Bc7 Kb7 45. Rb2 h6 46. Ke2 g5 47. hxg5 hxg5 48. Kd3 Re7 49. Rb5 Re3+ 50. Kd2 d4 51. Rxg5 d3 52. Bxf4 Re2+ 53. Kxd3 Rcc2 54. Be3 Rxg2 55. Ra5 Rb2 56. Ra7+ Kc6 57. Rc7+ Kd6 58. Bf4+ Kd5 59. b7 Rb3+ 60. Rc3 Rxb7 61. Be3 Ra2 62. Rc5+ Ke6 63. Rc3 Rd7+ 64. Ke4 Re2 65. f4 Kf7 66. Kf3 Ra2 67. Bc5 Rdd2 68. Ke4 Ke6 69. Bb4 Re2+ 70. Kd4 Kf5 71. Rf3 Re4+ 72. Kc5 Rc2+ 73. Kb5 Kg4 74. Rf1 Kf5 75. Bd6 Rd2 76. Bb4 Rd5+ 77. Ka4 Re6 78. Kb3 Rd3+ 79. Kc4 Rde3 80. Kb5 R3e4 81. Ka4 Re8 82. Kb5 Rb8+ 83. Ka4 Re6 84. Kb3 Rc6 85. Rf2 Ke4 86. f5 Rf6 87. Rf1 Rxf5 88. Rxf5 Kxf5 89. Kc4 Ke6 90. Kc5 Kd7 91. Kd5 Rg8 92. Kc5 Rg5+ 93. Kb6 Kc8 94. Kc6 Rg6+ 95. Kb5 Kb7 96. Kc4 Rg5 97. Kd4 Kc6 98. Kc4 Rg4+ 99. Kd3 Kd5 100. Ke3 Re4+ 101. Kd3 Re6 102. Bf8 Rf6 103. Bb4 Rf3+ 104. Ke2 Ke4 105. Kd2 Rd3+ 106. Kc2 Kd4 107. Bc5+ Kc4 108. Bb4 Rd4 109. Bc3 Rg4 110. Bb4 Rg2+ 111. Kc1 Kd3 112. Kb1 Rc2 113. Ba5 Rc8 114. Bb4 Rc6 115. Kb2 Kc4 116. Kc2 Re6 117. Kd2 Re8 118. Kc2 Re2+ 119. Kd1 Kd3 120. Kc1 Rc2+ 121. Kb1 Rc6 122. Kb2 Re6 123. Kb3 Rb6 124. Kb2 Rb7 125. Kb3 Ra7 126. Kb2 Rxa3 127. Kxa3 1/2-1/2


[Site "https://www.chess.com"]

[Event "Titled Tuesday Blitz May 16 Early 2023"]
[White "Dimitrov, Atanas"]
[Black "Nguyen, Ngoc Truong Son"]
[WhiteFideId "2901315"]
[BlackFideId "12401110"]
[WhiteElo "2718"]
[BlackElo "2556"]
[Result "1/2-1/2"]
[Round "06"]
[TimeControl "180+2"]
[Date "2023.05.16"]
[WhiteClock "0:00:08"]
[BlackClock "0:00:03"]

1. Nf3 Nf6 2. c4 e6 3. e3 b6 4. Nc3 Bb7 5. b3 Be7 6. Bb2 O-O 7. Be2 c5 8. O-O Nc6 9. d4 cxd4 10. Nxd4 a6 11. Bf3 Qc7 12. Rc1 Rfd8 13. Nd5 exd5 14. cxd5 Bc5 15. dxc6 dxc6 16. Qc2 Bxd4 17. Bxd4 c5 18. Bxb7 Ng4 19. Be5 Qxb7 20. Bg3 Rd7 21. Rfd1 Rad8 22. h3 Nf6 23. Bh4 Rxd1+ 24. Rxd1 Rxd1+ 25. Qxd1 Qd5 26. Qe2 g5 27. Bg3 b5 28. f3 c4 29. bxc4 bxc4 30. e4 Qd4+ 31. Bf2 Qa1+ 32. Kh2 Qe5+ 33. g3 Qb5 34. Bd4 Nd7 35. Bc3 f6 36. f4 gxf4 37. gxf4 Qc6 38. Qg4+ Kf7 39. Qh5+ Kg7 40. Qg4+ Kf7 41. Qf5 Kg7 42. e5 fxe5 43. fxe5 Kg8 44. e6 Qc7+ 45. Kg2 Nf8 46. Qd5 Qe7 47. Qxc4 Qxe6 1/2-1/2


[Site "https://www.chess.com"]

[Event "Titled Tuesday Blitz May 16 Early 2023"]
[White "Priasmoro, Novendra"]
[Black "Tari, Aryan"]
[WhiteFideId "7105029"]
[BlackFideId "1510045"]
[WhiteElo "2412"]
[BlackElo "2571"]
[Result "1-0"]
[Round "06"]
[TimeControl "180+2"]
[Date "2023.05.16"]
[WhiteClock "0:01:06"]
[BlackClock "0:00:00"]

1. e4 e5 2. Nf3 Nc6 3. Bb5 a6 4. Ba4 f5 5. Bxc6 bxc6 6. exf5 e4 7. Qe2 Nf6 8. d3 d5 9. dxe4 Nxe4 10. O-O Bd6 11. Ng5 O-O 12. Nxe4 dxe4 13. Qxe4 Bxf5 14. Qxc6 Qh4 15. f4 Rae8 16. Nc3 Bxc2 17. Qxa6 Bc5+ 18. Kh1 Re1 19. Bd2 Rxa1 20. Rxa1 Qf2 21. Qe2 Qd4 22. Nb5 Qe4 23. Qxe4 Bxe4 24. Nxc7 Rd8 25. Bc3 Bd6 26. Ne6 Rc8 27. a4 Bd5 28. Nxg7 Bxf4 29. Nf5 Bg5 30. h4 Be6 31. Nd4 1-0


[Site "https://www.chess.com"]

[Event "Titled Tuesday Blitz May 16 Early 2023"]
[White "Keymer, Vincent"]
[Black "Mirzoev, Azer"]
[WhiteFideId "12940690"]
[BlackFideId "13400304"]
[WhiteElo "2669"]
[BlackElo "2525"]
[Result "1-0"]
[Round "06"]
[TimeControl "180+2"]
[Date "2023.05.16"]
[WhiteClock "0:00:01"]
[BlackClock "0:00:00"]

1. a3 d5 2. Nf3 Nf6 3. e3 c6 4. c4 e6 5. b4 Nbd7 6. Bb2 Bd6 7. d4 O-O 8. Nbd2 Qe7 9. Ne5 a5 10. c5 Bc7 11. Bd3 Nxe5 12. dxe5 Nd7 13. f4 axb4 14. axb4 Rxa1 15. Bxa1 b6 16. Nf3 h6 17. Bb1 bxc5 18. Qc2 f5 19. exf6 Nxf6 20. bxc5 Ba5+ 21. Kd1 Ne4 22. Bd4 Ba6 23. Qa2 Qb7 24. Bxe4 dxe4 25. Qxe6+ Kh7 26. Qxe4+ Kg8 27. Qe6+ Kh7 28. Nd2 Bxd2 29. Kxd2 Qb4+ 30. Kc1 Qa3+ 31. Bb2 Qd3 32. Rd1 Qb5 33. Qe4+ Kg8 34. Qd4 Rf7 35. Qc3 Kh7 36. Qc2+ 1-0


[Site "https://www.chess.com"]